Map: Odyssey LE

Players

Plokoon - Winner!

  • Race: Terran Terran
  • League: Master
  • Spawn Location: 5:00

soul

  • Race: Zerg Zerg
  • League: Master
  • Spawn Location: 11:00

VOD

Have the link to the VOD?

Description

Time

  • Played on: Nov. 22, 2017, 8:45 a.m.
  • Length: 8:59
Show
View Real Time Build Order
Export as new Build Order

Plokoon Terran - Winner!

Build Orders: Reaper Expand, MMM Bio, Banshee Rush 

Get SALT Encoding   

  12  0:00  SCV  
  13  0:13  SCV  
  14  0:18  Supply Depot  
  14  0:25  SCV  
  15  0:30  Refinery  
  15  0:39  SCV  
  16  0:45  Barracks  
  16  0:51  SCV  
  17  1:03  SCV  
  18  1:15  SCV  
  19  1:33  Orbital Command, Reaper  
  20  1:45  Command Center  
  20  1:56  Factory  
  20  2:00  SCV  
  21  2:08  Refinery, Barracks Reactor  
  21  2:13  SCV  
  22  2:17  Supply Depot  
  22  2:25  SCV  
  23  2:38  SCV  
  24  2:46  Starport  
  24  2:53  Hellion x2, Barracks Tech Lab  
  24  2:56  SCV  
  29  3:00  Orbital Command  
  29  3:08  SCV  
  30  3:22  SCV  
  30  3:23  Barracks Tech Lab  
  30  3:24  Hellion x2  
  30  3:26  SCV  
  36  3:31  Viking  
  38  3:35  SCV  
  38  3:37  Cloaking Field  
  38  3:40  SCV  
  40  3:43  Supply Depot  
  40  3:45  Marine  
  40  3:47  SCV  
  42  3:53  Stimpack, SCV  
  43  3:59  SCV  
  44  4:05  Banshee  
  44  4:06  SCV  
  44  4:08  Supply Depot  
  48  4:11  SCV  
  49  4:17  Barracks  
  49  4:18  SCV  
  49  4:21  Factory Reactor  
  49  4:23  Barracks, SCV  
  51  4:25  Marine  
  51  4:30  SCV  
  53  4:34  Supply Depot  
  53  4:36  Refinery, SCV  
  54  4:42  Marine, SCV  
  56  4:48  SCV  
  56  4:49  Barracks  
  57  4:54  Barracks, SCV  
  58  5:00  Marine, SCV  
  58  5:06  SCV  
  61  5:09  Supply Depot  
  61  5:11  Marine x2  
  61  5:12  Siege Tank, SCV  
  61  5:13  Starport Reactor  
  67  5:18  Marine, SCV  
  67  5:19  Marine  
  70  5:31  Marine x3  
  70  5:33  Supply Depot  
  70  5:34  SCV  
  74  5:38  Supply Depot  
  74  5:40  Marine x2  
  67  5:43  Barracks Reactor x2  
  67  5:44  Siege Tank  
  67  5:49  Marine x3  
  73  5:51  Medivac x2  
  73  5:53  Combat Shields  
  77  5:57  Marine  
  77  5:58  Marine  
  79  6:05  Supply Depot  
  79  6:06  Marine x3  
  82  6:15  Marine x2  
  82  6:18  Siege Tank  
  87  6:20  Marine x3  
  87  6:23  Marine  
  87  6:24  Marine x2  
  93  6:31  Marine  
  93  6:32  Medivac x2  
  98  6:33  Marine  
  98  6:34  Marine  
  98  6:38  Marine x2  
  102  6:40  Supply Depot x2  
  102  6:42  Marine  
  103  6:47  Marine  
  103  6:53  Marine x2  
  106  7:00  Marine x3  
  109  7:03  Marine x3  
  109  7:05  Marine  
  108  7:16  Marine x2  
  108  7:17  Marine  
  108  7:18  Siege Tank, Medivac x2, Marine x2  
  110  7:24  Marine x3  
  104  7:30  Marine  
  104  7:31  Liberator  
  104  7:34  Marine x2  
  106  7:40  Marine x2  
  106  7:43  Marine  
  106  7:44  Liberator, Marine x2  
  110  7:46  Command Center  
  110  7:49  Supply Depot  
  114  8:00  Marine x3  
  120  8:07  Marine x3  
  120  8:10  Marine x2  
  120  8:11  Engineering Bay  
  120  8:12  Marine  
  126  8:13  Siege Tank  
  126  8:14  Engineering Bay  
  126  8:18  Marine  
  126  8:19  Marine x2  
  131  8:35  Marine x3  
  134  8:48  Supply Depot  
Show
View Real Time Build Order
Export as new Build Order

soul Zerg 

Build Orders: Hatch First 

Get SALT Encoding   

  12  0:00  Drone  
  13  0:13  Overlord  
  13  0:16  Drone  
  14  0:32  Drone x2  
  16  0:37  Drone  
  17  0:52  Hatchery  
  17  0:56  Drone  
  17  0:59  Drone  
  18  1:05  Extractor  
  17  1:15  Spawning Pool  
  16  1:18  Drone  
  16  1:20  Drone  
  18  1:29  Drone  
  19  1:39  Drone  
  20  1:50  Overlord  
  20  2:01  Queen  
  20  2:04  Queen  
  20  2:07  Metabolic Boost  
  24  2:23  Hatchery  
  24  2:25  Zergling x2  
  24  2:28  Zergling x2  
  25  2:34  Drone  
  25  2:35  Drone  
  27  2:40  Extractor  
  27  2:44  Drone x3  
  27  2:47  Drone  
  31  2:53  Overlord  
  31  3:00  Drone x2  
  33  3:06  Overlord  
  33  3:12  Drone  
  34  3:13  Drone x3  
  34  3:19  Drone x3  
  40  3:24  Queen  
  42  3:30  Queen  
  44  3:35  Queen  
  44  3:38  Drone  
  48  3:48  Drone x6  
  48  3:52  Zergling x4  
  48  3:54  Zergling x2  
  55  3:56  Zergling x2  
  56  4:05  Zergling x2  
  57  4:10  Overlord x2  
  57  4:12  Overlord  
  57  4:15  Overlord  
  57  4:28  Queen x3  
  57  4:31  Zergling x10  
  64  4:35  Drone x3  
  71  4:43  Drone  
  72  4:46  Spore Crawler  
  72  4:47  Spore Crawler  
  72  4:48  Spore Crawler  
  72  4:49  Drone  
  72  4:50  Drone x4  
  72  4:51  Drone  
  75  4:56  Drone x3  
  78  5:02  Drone x3  
  81  5:13  Overlord  
  81  5:14  Queen, Overlord, Evolution Chamber  
  81  5:15  Evolution Chamber  
  81  5:21  Overlord x2, Extractor x2  
  80  5:24  Lair  
  78  5:35  Drone  
  77  5:37  Drone x9  
  77  5:40  Extractor  
  84  5:50  Zerg Missile Weapons Level 1  
  83  6:00  Extractor  
  83  6:01  Zerg Ground Armor Level 1, Extractor  
  83  6:02  Roach Warren  
  80  6:05  Drone x12  
  80  6:06  Drone x2  
  92  6:13  Overlord x2  
  91  6:33  Infestation Pit, Hatchery  
  89  6:43  Roach x8  
  89  6:45  Glial Reconstitution  
  105  6:47  Hatchery  
  105  6:53  Overseer x2  
  104  6:56  Roach x2  
  104  6:57  Roach x2  
  104  7:01  Roach  
  114  7:02  Roach  
  114  7:06  Roach  
  114  7:07  Roach  
  120  7:13  Roach  
  118  7:18  Roach x3  
  118  7:20  Roach  
  118  7:22  Roach  
  110  7:23  Roach x3  
  110  7:25  Roach  
  110  7:27  Roach  
  104  7:36  Zergling x2  
  104  7:37  Zergling x2  
  104  7:38  Ravager x2  
  104  7:39  Ravager x2  
  104  7:43  Zergling x2  
  99  7:45  Queen x2  
  99  7:50  Roach  
  99  7:51  Roach  
  105  7:54  Roach  
  107  8:03  Roach x4  
  115  8:06  Hatchery  
  115  8:07  Ravager  
  115  8:08  Ravager  
  116  8:20  Drone  
  116  8:21  Drone x9  
  126  8:32  Roach x2  
Tags
 
Composition
MMM Bio
Matchup
TvZ
Player
souL
Spawn Locations
Cross Positions
Strategy
Banshee Rush
Add a new tag
Caveats
  • Supply blocks, unpowered buildings, or Contaminate may cause inaccurate times.
  • Supply counts are checked every 10 seconds.